 Dungeon Crawl Stone Soup version 0.19.0-19-g8c6edcc (webtiles) character file.

142 Minion the Shield-Bearer (level 5, -3/45 HPs)
             Began as a Minotaur Fighter on Nov 16, 2016.
             Slain by Crazy Yiuf
             ... wielding a +3 quarterstaff of chaos
              (11 damage)
             ... on level 3 of the Dungeon.
             The game lasted 00:03:40 (1362 turns).

Minion the Shield-Bearer (Minotaur Fighter)         Turns: 1362, Time: 00:03:42

Health: -3/45      AC: 13    Str: 21    XL:     5   Next: 3%
Magic:  4/4        EV:  9    Int:  5    God:
Gold:   63         SH:  0    Dex: 15    Spells: 0 memorised, 4 levels left

rFire  . . .     SeeInvis .     a - +0 war axe
rCold  . . .     Gourm    .     h - +0 plate armour
rNeg   . . .     Faith    .     c - +0 shield
rPois  .         Spirit   .     (helmet restricted)
rElec  .         Reflect  .     s - +0 cloak (curse)
rCorr  .         Harm     .     b - +0 pair of gloves
MR     +....                    (no boots)
Stlth  ..........               (no amulet)
                                m - ring of protection from magic
                                g - ring of flight

@: confused, agile, lethally poisoned (-3 -> -11)
A: retaliatory headbutt, horns 2
a: Evoke Flight


You were on level 3 of the Dungeon.
You were not hungry.

You visited 1 branch of the dungeon, and saw 3 of its levels.

You collected 63 gold pieces.

Inventory:

Hand Weapons
 a - a +0 war axe (weapon)
Armour
 b - a +0 pair of gloves (worn)
 c - a +0 shield (worn)
 h - a +0 plate armour (worn)
 s - a cursed +0 cloak (worn)
Jewellery
 g - a ring of flight (left hand)
 m - a ring of protection from magic (right hand)
Wands
 q - a wand of flame (22/48)
Scrolls
 e - a scroll of immolation {unknown}
 j - 3 scrolls of remove curse {unknown}
 l - a scroll of noise {unknown}
 t - a scroll of amnesia {unknown}
Potions
 d - a potion of might
 n - a potion of curing {unknown}
Comestibles
 f - 5 bread rations
 o - a meat ration
 u - 2 chunks of flesh


   Skills:
 - Level 3.6 Fighting
 - Level 2.4 Axes
 - Level 3.6 Armour
 + Level 7.0 Shields


You had 4 spell levels left.
You didn't know any spells.

Dungeon Overview and Level Annotations

Branches:
Dungeon (3/15)

Altars:

Annotations:
D:3 Crazy Yiuf


Innate Abilities, Weirdness & Mutations

You reflexively headbutt those who attack you in melee.
You have a pair of horns on your head.


Message History

* * * LOW HITPOINT WARNING * * *
You feel sick. You block Crazy Yiuf's attack.
It was a potion of cancellation.
Your magical effects are unravelling.
You feel magically purged.
You feel a little less clever now.
* * * LOW HITPOINT WARNING * * *
You feel sick. Crazy Yiuf hits you but does no damage.
It was a potion of agility.
You feel agile all of a sudden.
* * * LOW HITPOINT WARNING * * *
You feel sick.
It was a potion of ambrosia.
You are confused.
You feel invigorated.
Crazy Yiuf screams, "Announcement noodlescoop water!"
Crazy Yiuf hits you with a quarterstaff of chaos.
* * * LOW HITPOINT WARNING * * *
You are electrocuted!
You die...

#.## ... #.# ..# #..#
..# #...# # ..#
#...##. ..#
♣♣♣♣♣##...... ..#
#### ♣♣♣.♣..+....#
#.###
#...#♣..♣........#
#...#######
#..g@.♣♣♣♣.......####
###.......# #)..#♣♣
♣♣.+....##..
#...####### ####
♣♣##....... #..##
##..[... ...########
#.##... ##........#
#.###.. #########.
###.# ##.
#.###...###..
#............


You could see Crazy Yiuf.

Vanquished Creatures
  Jessica (D:3)
  Natasha (D:3)
  An adder (D:2)
  An ooze (D:2)
  A worm (D:2)
  4 dart slugs
  9 bats
  5 giant cockroaches
  10 hobgoblins
  7 jackals
  6 frilled lizards
  5 goblins
  8 kobolds
  3 rats
62 creatures vanquished.

Notes
Turn   | Place    | Note
-------+----------+-------------------------------------------
     0 | D:1      | Minion the Minotaur Fighter began the quest for the Orb.
     0 | D:1      | Reached XP level 1. HP: 19/19 MP: 0/0
   102 | D:1      | Reached skill level 4 in Shields
   108 | D:1      | Reached XP level 2. HP: 24/26 MP: 1/1
   263 | D:1      | Reached skill level 5 in Shields
   323 | D:1      | Reached XP level 3. HP: 30/31 MP: 2/2
   843 | D:2      | Reached XP level 4. HP: 34/39 MP: 3/3
   880 | D:2      | Reached skill level 6 in Shields
  1205 | D:3      | Noticed Jessica
  1215 | D:3      | Killed Jessica
  1281 | D:3      | Noticed Natasha
  1292 | D:3      | Killed Natasha
  1292 | D:3      | Reached skill level 7 in Shields
  1292 | D:3      | Reached XP level 5. HP: 41/45 MP: 4/4
  1342 | D:3      | Found a runed door.
  1346 | D:3      | Noticed Crazy Yiuf
  1362 | D:3      | Slain by Crazy Yiuf

Skill      XL: |  1  2  3  4 |
---------------+-------------+-----
Shields        | 4 5 7 |  7.0
Fighting       | |  3.6
Axes           | |  2.4
Armour         | |  3.6

Action                   |  1- 3 |  4- 6 || total
-------------------------+-------+-------++-------
Melee: War axe           |   118 |    64 ||   182
       Headbutt          |    19 |     9 ||    28
  Use: Potion            |       |     4 ||     4
  Eat: Chunk             |       |     2 ||     2
Armor: Plate armour      |    67 |    40 ||   107
       Scale mail        |     3 |       ||     3
Dodge: Dodged            |    12 |    11 ||    23
Block: Shield            |    70 |    38 ||   108
